 Dungeon Crawl Stone Soup version 0.18.1-48-g4cf74bf (webtiles) character file.

286 sudo the Slasher (level 6, -2/42 HPs)
             Began as a High Elf Gladiator on June 28, 2016.
             Slain by sudo's ghost (9 damage)
             ... on level 4 of the Dungeon.
             The game lasted 00:04:00 (2981 turns).

sudo the Slasher (High Elf Gladiator)               Turns: 2981, Time: 00:04:00

Health: -2/42      AC:  7    Str: 16    XL:     6   Next: 8%
Magic:  16/16      EV: 13    Int: 17    God:
Gold:   76         SH:  0    Dex: 17    Spells: 0 memorised, 5 levels left

rFire  . . .     SeeInvis .     a - +1 long sword
rCold  . . .     Gourm    .     e - +0 ring mail
rNeg   . . .     Faith    .     (no shield)
rPois  .         Spirit   .     c - +0 helmet
rElec  .         Dismiss  .     (no cloak)
rCorr  .         Reflect  .     t - +0 pair of gloves
SustAt .         Harm     .     (no boots)
MR     .....                    (no amulet)
Stlth  +.........               n - +6 ring of intelligence
                                j - ring of magical power

@: not resistant to hostile enchantments, very unstealthy
A: no striking features
a: no special abilities


You were on level 4 of the Dungeon.
You were not hungry.

You visited 1 branch of the dungeon, and saw 4 of its levels.

You collected 76 gold pieces.

Inventory:

Hand Weapons
 a - a +1 long sword (weapon)
Missiles
 d - 3 throwing nets (quivered)
Armour
 b - a +0 leather armour
 c - a +0 helmet (worn)
 e - a +0 ring mail (worn)
 t - a +0 pair of gloves (worn)
Jewellery
 j - a ring of magical power (left hand)
 n - a +6 ring of intelligence (right hand)
Scrolls
 g - a scroll of blinking
 h - 2 scrolls of enchant weapon
 i - 2 scrolls of fear
 m - a scroll of teleportation {unknown}
 o - a scroll of magic mapping {unknown}
 q - a scroll of recharging {unknown}
 r - a scroll of remove curse {unknown}
 s - a scroll of amnesia {unknown}
 v - a scroll of identify {unknown}
Potions
 k - a potion of curing
Comestibles
 f - 2 bread rations
 l - a slice of pizza


   Skills:
 + Level 3.1 Fighting
 * Level 6.1 Long Blades
 - Level 2.0 Throwing
 + Level 1.7 Armour
 + Level 4.6 Dodging


You had 5 spell levels left.
You didn't know any spells.

Dungeon Overview and Level Annotations

Branches:
Dungeon (4/15)
 Temple: D:4-7

Altars:
Trog
The Shining One

Annotations:
D:3 Jessica, Sigmund
D:4 sudo's ghost, amateur HEGl


Message History

You hit sudo's ghost.
Sudo's ghost is heavily damaged.
Sudo's ghost hits you!
You hit sudo's ghost.
Sudo's ghost is severely damaged.
Sudo's ghost closely misses you.
You miss sudo's ghost.
Sudo's ghost is severely damaged.
Sudo's ghost barely misses you.
You hit sudo's ghost but do no damage.
Sudo's ghost is severely damaged.
Sudo's ghost hits you!
* * * LOW HITPOINT WARNING * * *
You are too injured to fight recklessly!
You are too injured to fight recklessly!
You are too injured to fight recklessly!
Drink which item? (? for menu, Esc to quit)
It was a potion of magic.
Magic courses through your body. Sudo's ghost hits you!
You die...

..# #.# #.# #.######
#......# #.####.# ###### #.
#.# #.######.....
#.#######<# #.........##.
###.......W@# ########.....
...#.#.#.### ##..##.
.....#.#.# #......
#.#....############..#.#. .
#...................###..
...
###....####..........#.##
)....####.#.####
######..#.###
............$..# #.%#.# #
#.###..####.##.#.######..#.#
#


You could see sudo's ghost.

Vanquished Creatures
  2 orc priests
  An orc wizard (D:3)
  Ijyb (D:3)
  Natasha (D:2)
  5 adders (D:2)
  An ooze (D:1)
  An adder skeleton (D:4)
  3 worms
  2 dart slugs
  4 orcs
  3 ball pythons
  4 giant cockroaches
  5 goblins (D:2)
  9 hobgoblins
  4 jackals (D:1)
  4 quokkas
  10 bats
  4 giant newts (D:2)
  10 kobolds
  8 rats
82 creatures vanquished.

Notes
Turn   | Place    | Note
--------------------------------------------------------------
     0 | D:1      | sudo the High Elf Gladiator began the quest for the Orb.
     0 | D:1      | Reached XP level 1. HP: 14/14 MP: 2/2
    96 | D:1      | Reached skill level 4 in Long Blades
    96 | D:1      | Reached XP level 2. HP: 17/19 MP: 3/3
   652 | D:1      | Reached XP level 3. HP: 24/24 MP: 4/4
  1103 | D:2      | Reached XP level 4. HP: 30/30 MP: 5/5
  1321 | D:2      | Reached skill level 1 in Armour
  1389 | D:2      | Found a bloodstained altar of Trog.
  1399 | D:2      | Reached skill level 5 in Long Blades
  1494 | D:2      | Found a glowing golden altar of the Shining One.
  1507 | D:2      | Noticed Natasha
  1517 | D:2      | Killed Natasha
  1916 | D:3      | Reached XP level 5. HP: 35/35 MP: 6/6
  2217 | D:3      | Reached skill level 6 in Long Blades
  2379 | D:3      | Noticed Ijyb
  2394 | D:3      | Killed Ijyb
  2598 | D:3      | Noticed Jessica
  2599 | D:3      | Noticed Sigmund
  2606 | D:3      | Reached XP level 6. HP: 38/42 MP: 7/7
  2950 | D:4      | Noticed sudo's ghost (amateur HEGl)
  2981 | D:4      | Slain by sudo's ghost

Skill      XL: |  1  2  3  4  5 |
---------------+----------------+-----
Long Blades    | 4 5 6 |  6.1
Dodging        | 4 |  4.6
Armour         | 1 |  1.7
Fighting       | 3 |  3.1
Throwing       | |  2.0

Action                   |  1- 3 |  4- 6 || total
-------------------------+-------+-------++-------
Melee: Long sword        |   127 |   174 ||   301
  Use: Potion            |       |     6 ||     6
       Scroll            |       |     3 ||     3
  Eat: Chunk             |     1 |     5 ||     6
       Fruit             |       |     1 ||     1
Armor: Ring mail         |    46 |    74 ||   120
       Leather armour    |     3 |       ||     3
Dodge: Dodged            |   117 |   151 ||   268
